Map: Abyssal Reef LE

Players

Serral - Winner!

  • Race: Zerg Zerg
  • Spawn Location: 11:00

TRUE

  • Race: Zerg Zerg
  • Spawn Location: 5:00

Event: 2017 WCS Global Finals

VOD

Have the link to the VOD?

Description

Time

  • Played on: Oct. 28, 2017, 4:52 p.m.
  • Length: 11:58

All games in this series

Show
View Real Time Build Order
Export as new Build Order

Serral Zerg - Winner!

Build Orders: Hatch First 

Get SALT Encoding   

  12  0:00  Drone  
  13  0:12  Overlord  
  13  0:17  Drone  
  14  0:31  Drone x2  
  16  0:48  Hatchery  
  15  0:51  Drone  
  15  0:55  Drone  
  17  1:10  Spawning Pool  
  16  1:12  Extractor  
  16  1:14  Drone  
  16  1:17  Drone  
  17  1:22  Drone  
  18  1:30  Drone  
  19  1:42  Overlord  
  19  1:56  Queen  
  19  1:57  Zergling x2  
  19  2:00  Queen, Zergling x2  
  25  2:02  Zergling x2  
  26  2:13  Zergling x4  
  28  2:16  Metabolic Boost  
  28  2:25  Spine Crawler  
  26  2:30  Zergling x2  
  26  2:35  Zergling x2  
  28  2:39  Zergling x2  
  29  2:47  Zergling x4  
  28  2:59  Queen  
  30  3:09  Queen  
  32  3:15  Zergling x4  
  34  3:20  Overlord  
  34  3:26  Zergling x2  
  35  3:33  Zergling x2  
  35  3:36  Zergling x2  
  36  3:42  Zergling x2  
  36  3:44  Drone x2  
  38  3:49  Queen  
  40  3:56  Drone x2  
  42  4:07  Overlord  
  42  4:08  Drone x2  
  43  4:21  Drone x2  
  43  4:22  Drone x3  
  44  4:32  Lair  
  44  4:35  Drone  
  44  4:36  Evolution Chamber  
  44  4:38  Drone  
  45  4:40  Drone  
  46  4:50  Drone x2, Roach Warren  
  47  4:57  Zergling x6  
  50  5:00  Zergling x2  
  50  5:01  Zergling x2  
  50  5:04  Zerg Missile Weapons Level 1  
  51  5:09  Evolution Chamber  
  50  5:14  Overlord  
  50  5:16  Drone  
  50  5:20  Overlord  
  49  5:21  Drone x2  
  49  5:25  Drone  
  49  5:28  Overlord  
  52  5:31  Extractor  
  51  5:42  Zerg Ground Armor Level 1, Drone x2  
  51  5:43  Extractor  
  51  5:45  Drone x2  
  50  5:58  Roach x2  
  50  6:04  Roach  
  56  6:08  Overlord  
  55  6:17  Overlord  
  54  6:20  Drone x3  
  54  6:25  Roach x3  
  65  6:32  Roach  
  65  6:33  Roach x2  
  65  6:34  Hatchery  
  65  6:39  Drone x2  
  68  6:45  Roach  
  68  6:46  Roach x2  
  74  7:00  Zerg Missile Weapons Level 2  
  73  7:01  Roach x2  
  77  7:11  Drone x5  
  82  7:17  Overlord  
  82  7:23  Overlord  
  82  7:24  Roach x3  
  82  7:29  Glial Reconstitution  
  88  7:31  Overlord  
  88  7:32  Drone x2  
  88  7:34  Extractor, Drone  
  90  7:40  Evolution Chamber  
  90  7:42  Roach  
  91  7:45  Roach  
  91  7:46  Roach x2, Overseer  
  98  7:55  Roach x2  
  98  7:56  Roach  
  98  7:57  Roach x2  
  108  7:59  Roach  
  108  8:05  Drone x2  
  110  8:08  Drone x2  
  112  8:13  Drone x4  
  112  8:18  Extractor, Overlord  
  112  8:19  Hydralisk Den  
  114  8:20  Drone  
  114  8:25  Overlord  
  115  8:28  Drone x2  
  115  8:33  Drone x4  
  121  8:40  Queen  
  123  8:41  Overlord x2  
  123  8:52  Drone x2  
  123  8:53  Drone x3  
  123  8:54  Extractor, Muscular Augments  
  123  8:56  Roach  
  123  8:58  Roach x2  
  127  9:03  Roach x2  
  127  9:05  Roach  
  127  9:10  Hydralisk x2  
  127  9:13  Hydralisk x2  
  127  9:15  Hydralisk  
  135  9:30  Hatchery  
  108  9:36  Spore Crawler  
  108  9:37  Spore Crawler x2  
  95  9:39  Drone  
  95  9:40  Drone x2  
  95  9:41  Drone x5  
  95  9:42  Drone x3  
  106  9:46  Hydralisk  
  106  9:47  Roach  
  106  9:49  Spore Crawler  
  109  10:01  Hydralisk x2  
  113  10:09  Hydralisk x3  
  113  10:11  Pneumatized Carapace  
  113  10:13  Overseer  
  119  10:17  Zergling x4  
  119  10:18  Overlord  
  121  10:23  Hydralisk x2  
  125  10:29  Infestation Pit  
  125  10:32  Hydralisk x2  
  125  10:33  Hydralisk  
  130  10:38  Roach x3  
  135  10:46  Drone x2  
  135  10:47  Roach  
  135  10:48  Roach x3  
  144  10:58  Roach x3  
  144  10:59  Roach  
  151  11:04  Drone x2  
  149  11:17  Roach  
  149  11:18  Roach  
  152  11:19  Overlord x3  
  152  11:21  Overlord  
  152  11:24  Overlord x2  
  152  11:25  Overlord  
  152  11:30  Overlord  
  152  11:32  Overlord x2  
  146  11:35  Spine Crawler, Overlord  
Show
View Real Time Build Order
Export as new Build Order

TRUE Zerg 

Build Orders: 1 Base Baneling Bust, Pool First 

Get SALT Encoding   

  12  0:00  Drone  
  13  0:13  Extractor  
  12  0:24  Spawning Pool  
  12  0:28  Drone  
  12  0:33  Drone  
  13  0:37  Drone  
  14  0:49  Overlord  
  14  1:11  Zergling x6  
  16  1:14  Metabolic Boost  
  17  1:22  Zergling x2  
  18  1:35  Baneling Nest, Zergling x2  
  18  1:44  Zergling x2  
  19  1:54  Zergling x2  
  20  2:05  Zergling x2  
  21  2:16  Zergling x2  
  21  2:22  Baneling  
  21  2:35  Baneling x2  
  21  2:37  Hatchery  
  21  2:39  Zergling x2  
  20  2:46  Zergling x2  
  20  2:51  Zergling x2  
  18  3:00  Zergling x2  
  19  3:08  Queen  
  21  3:14  Drone  
  22  3:33  Evolution Chamber  
  22  3:34  Overlord, Drone  
  22  3:48  Queen  
  22  3:50  Zergling x2  
  22  3:55  Zergling x2  
  26  3:59  Zergling x2  
  26  4:02  Zergling x2  
  28  4:06  Zergling x2  
  28  4:12  Overlord, Zergling x2  
  28  4:14  Zergling x2  
  30  4:20  Drone  
  30  4:24  Baneling, Drone  
  30  4:30  Drone  
  32  4:33  Drone  
  32  4:36  Drone  
  34  4:44  Overlord  
  34  5:02  Drone  
  34  5:03  Drone  
  36  5:13  Overlord  
  36  5:14  Overlord  
  35  5:21  Drone  
  35  5:24  Drone  
  35  5:25  Drone  
  35  5:26  Drone  
  35  5:32  Drone  
  35  5:33  Drone x3  
  37  5:44  Drone  
  37  5:46  Drone  
  37  5:49  Drone  
  40  5:51  Drone  
  40  5:55  Drone  
  42  5:58  Drone  
  42  6:01  Drone  
  44  6:07  Drone  
  44  6:10  Drone  
  44  6:12  Drone x2  
  44  6:17  Drone  
  46  6:22  Drone x2  
  49  6:25  Drone  
  49  6:28  Overlord  
  49  6:32  Overlord  
  49  6:38  Lair  
  49  6:39  Drone  
  50  6:42  Drone  
  50  6:43  Extractor  
  50  6:47  Drone x2  
  50  6:48  Drone  
  50  6:50  Drone  
  50  6:52  Drone  
  50  6:53  Drone  
  56  6:56  Drone  
  54  7:08  Spine Crawler, Extractor  
  52  7:10  Extractor, Drone x5  
  52  7:15  Spine Crawler  
  55  7:17  Spine Crawler  
  54  7:23  Drone x3  
  54  7:25  Drone x2  
  59  7:30  Spine Crawler  
  59  7:35  Spine Crawler  
  57  7:40  Spire  
  57  7:42  Zergling x4  
  57  7:43  Zergling x2  
  59  7:46  Zergling x2  
  59  7:47  Zergling x2  
  59  7:49  Zergling x2  
  59  7:50  Zergling x2  
  63  7:52  Zergling x2  
  63  7:54  Zergling x2  
  63  7:55  Zergling x2  
  63  7:57  Zergling x2  
  66  7:59  Zergling x2  
  66  8:03  Spine Crawler  
  66  8:12  Unknown  
  67  8:18  Hatchery  
  67  8:20  Overlord x2, Drone  
  67  8:23  Overlord  
  67  8:29  Overlord  
  66  8:51  Mutalisk x2  
  66  8:52  Mutalisk x6  
  79  8:57  Zergling x2  
  79  8:58  Zergling x2  
  79  8:59  Mutalisk  
  80  9:08  Mutalisk  
  72  9:24  Drone x5  
  72  9:30  Mutalisk  
  72  9:35  Drone  
  72  9:38  Drone  
  73  9:40  Drone  
  73  9:45  Zerg Melee Weapons Level 1  
  74  9:46  Drone  
  74  9:49  Extractor, Drone  
  74  9:50  Drone  
  76  9:53  Drone  
  76  9:54  Drone  
  76  9:57  Drone  
  76  9:58  Drone  
  80  10:03  Drone x2  
  80  10:04  Drone  
  81  10:14  Centrifical Hooks  
  81  10:19  Extractor x2  
  79  10:27  Overlord  
  79  10:28  Queen, Drone x5  
  82  10:29  Queen  
  88  10:36  Queen  
  90  10:46  Mutalisk  
  90  10:47  Mutalisk x3  
  98  10:51  Mutalisk  
  100  10:57  Zergling x2  
  100  11:03  Mutalisk  
  103  11:05  Zergling x4  
  103  11:06  Overlord  
  103  11:07  Overlord  
  103  11:10  Overlord  
  105  11:15  Overlord  
  104  11:19  Overlord  
  104  11:20  Mutalisk  
  104  11:23  Baneling x5  
  102  11:26  Baneling x4  
  102  11:28  Mutalisk  
  102  11:31  Mutalisk  
  102  11:32  Zergling x2  
  95  11:37  Zergling x4  
  95  11:38  Zergling x2  
Tags
 
Add a new tag
Caveats
  • Supply blocks, unpowered buildings, or Contaminate may cause inaccurate times.
  • Supply counts are checked every 10 seconds.